 Dungeon Crawl Stone Soup version 0.18-a0-949-g5bbc315 (webtiles) character file.

133 Eptagon the Sneak (level 5, -6/30 HPs)
             Began as a Kobold Assassin on Dec 30, 2015.
             Killed by divine providence
             ... invoked by an orc priest
              (16 damage)
             ... on level 3 of the Dungeon.
             The game lasted 00:05:40 (3021 turns).

Eptagon the Sneak (Kobold Assassin)                 Turns: 3021, Time: 00:05:40

Health: -6/30      AC:  3    Str:  9    XL:     5   Next: 40%
Magic:  5/5        EV: 14    Int:  9    God:
Gold:   141        SH:  0    Dex: 19    Spells: 0 memorised, 4 levels left

rFire  . . .     SeeInvis .     b - +0 blowgun
rCold  . . .     Gourm    .     c - +0 robe
rNeg   . . .     Faith    .     (shield restricted)
rPois  .         Spirit   .     (no helmet)
rElec  .         Dismiss  .     d - +0 cloak
rCorr  .         Reflect  .     (no gloves)
SustAt .         Harm     .     (no boots)
MR     .....                    (no amulet)
Stlth  +++.......               (no ring)
                                i - ring of loudness (curse)

@: not resistant to hostile enchantments, fairly stealthy
A: carnivore 3
a: no special abilities


You were on level 3 of the Dungeon.
You were completely stuffed.

You visited 1 branch of the dungeon, and saw 3 of its levels.

You collected 141 gold pieces.

Inventory:

Hand Weapons
 a - a +3 dagger
 b - a +0 blowgun (weapon)
Missiles
 e - 67 poisoned needles (quivered)
 f - 2 curare-tipped needles
 k - 5 tomahawks of returning
Armour
 c - a +0 robe (worn)
 d - a +0 cloak (worn)
Jewellery
 i - a cursed ring of loudness (left hand)
Potions
 j - a potion of brilliance
 l - a potion of poison {unknown}
Comestibles
 g - 2 meat rations
 m - a royal jelly


   Skills:
 - Level 2.1 Fighting
 + Level 4.6 Short Blades
 + Level 3.6 Throwing
 - Level 1.2 Dodging
 + Level 6.6 Stealth


You had 4 spell levels left.
You didn't know any spells.

Dungeon Overview and Level Annotations

Branches:
Dungeon (3/15)

Altars:
Cheibriados
Dithmenos
Fedhas
Gozag
Makhleb
Ru
Trog
Yredelemnul


Innate Abilities, Weirdness & Mutations

You are small and have problems with some larger weapons.
You are carnivorous and can eat meat at any time.


Message History

The orc priest closely misses you.
b - a +0 blowgun (weapon)
The orc priest barely misses you. The orc hits you.
Firing (i - inventory. (,) - cycle):
e - 68 poisoned needles (quivered)
Press: ? - help, Shift-Dir - straight line, f - orc priest
Aim: an orc priest, wielding a short sword (lightly wounded)
You shoot a poisoned needle.
The poisoned needle hits the orc priest!
The orc priest is poisoned.
The orc priest is lightly wounded.
The orc priest invokes the aid of Beogh against you.
Something smites you!
The orc priest calls down the wrath of Beogh upon you.
Something smites you!
Items here: $ ) = † a club; a small glass ring; 9 gold pieces; a hobgoblin corpse The orc priest calls down the wrath of Beogh upon you.
Something smites you!
Ouch! That really hurt!
You die...

_#...#..# ###...###
8#####..# #.......##. ##
##...# #..........
####..#.# #.o(.....#
........##### #o...#
###.#.......# #o...#
.......####.# #o#.##
###.#..## #.# #o#..#
###.....# #.# #@##..#.
.####...###.####.##....
.+......................
.####...###.####.......##
............# ####..###
#######.##### .## #....#
# #....# ##...#


You could see an orc priest and 4 orcs.

Vanquished Creatures
  Jessica (D:2)
  3 adders (D:2)
  3 worms
  A giant gecko (D:1)
  A giant cockroach (D:3)
  7 goblins
  12 hobgoblins
  11 jackals (D:2)
  2 ball pythons (D:1)
  8 bats
  5 giant newts
  2 gnoll zombies (D:2)
  7 kobolds
  2 quokkas (D:3)
  5 rats
70 creatures vanquished.

Notes
Turn   | Place    | Note
--------------------------------------------------------------
     0 | D:1      | Eptagon the Kobold Assassin began the quest for the Orb.
     0 | D:1      | Reached XP level 1. HP: 12/12 MP: 1/1
    80 | D:1      | Reached XP level 2. HP: 14/17 MP: 2/2
   546 | D:1      | Reached XP level 3. HP: 21/21 MP: 3/3
  1234 | D:2      | Noticed Jessica
  1241 | D:2      | Killed Jessica
  1241 | D:2      | Reached skill level 6 in Stealth
  1241 | D:2      | Reached XP level 4. HP: 17/26 MP: 4/4
  1247 | D:2      | Found an opulent altar of Gozag.
  1649 | D:2      | Reached XP level 5. HP: 30/30 MP: 5/5
  1670 | D:2      | Found a sacrificial altar of Ru.
  1698 | D:2      | Found a blossoming altar of Fedhas.
  1784 | D:2      | Found a basalt altar of Yredelemnul.
  2207 | D:2      | Found a bloodstained altar of Trog.
  2323 | D:2      | Found a sacrificial altar of Ru.
  2533 | D:3      | Found a faded altar to an unknown god.
  2555 | D:3      | Found a snail-covered altar of Cheibriados.
  2555 | D:3      | Found a shadowy altar of Dithmenos.
  2556 | D:3      | Found a burning altar of Makhleb.
  3021 | D:3      | Killed from afar by an orc priest

Vault maps used:
D:1:      dpeg_arrival_morbid_curiosity, serial_bayou_pond_c
D:2:      fedhas_altar_2, lemuel_zombie_altar_yredelemnul,
          lemuel_coloured_pillars_altar, nicolae_overflow_hidden_temple,
          serial_bayou, serial_bayou_pond_d, nicolae_ru_path_of_blood,
          uniq_jessica
D:3:      gammafunk_temple_overflow_claw, ecumenical_altar_1, first_bread

Action                   |  1- 3 |  4- 6 || total
-------------------------+-------+-------++-------
Melee: Dagger            |    92 |    78 ||   170
 Fire: Blowgun           |     5 |    12 ||    17
  Use: Scroll            |     3 |     1 ||     4
 Stab: Sleeping          |     7 |     7 ||    14
  Eat: Chunk             |     9 |     6 ||    15
